Get step-by-step instructions on how to execute this build order below. Start the game timer, and the build order will tick by so you can play in parallel with StarCraft on a second screen or mobile device.

Game Time

  0:00

Last Step

  N/A

Next Step

Upcoming Step



Don't want to look back and forth between 2 screens? Try out our Overwolf App, the Spawning Tool Build Advisor to get an in-game overlay with this build!

Complete Build Order

  1  0:00  Probe  
  12  0:05  Probe  
  14  0:20  Pylon  
  14  0:21  Probe  
  15  0:40  Gateway  
  15  0:46  Probe  
  16  0:58  Probe  
  17  1:06  Probe  
  18  1:19  Gateway  
  18  1:20  Assimilator  
  18  1:24  Assimilator